Griffins vs Rampage
Created - January 6, 2022 at 19:01
Goals
|
| Griffins |
1 |
1 |
1 |
3 |
| Rampage |
1 |
1 |
2 |
4 |
|
Shots
|
| Griffins |
11 |
11 |
16 |
38 |
| Rampage |
15 |
15 |
10 |
40 |
|
1st period
1. Rampage , Roope Hintz 7 (Timo Meier 10, Elias Lindholm 11) at 13:07
2. Griffins , Lucas Lessio 8 (Danny Kristo 7, Riley Armstrong 12) at 19:03
Penalties :
No Penalty
2nd period
3. Rampage , Petr Straka 3 (Collin Miller 4) at 1:22 (PP)
4. Griffins , Rourke Chartier 4 (Garrett Wilson 7) at 4:31
Penalties :
Patrick Wiercioch (Gra) for Delaying the game (Minor) at 0:22, Timo Meier (San) for High sticking (Minor) at 1:45, Riley Armstrong (Gra) for Hooking (Minor) at 4:53, Roope Hintz (San) for Hooking (Minor) at 7:51, Brandon Pirri (Gra) for Tripping (Minor) at 7:55, Phil Oreskovic (Gra) for Hooking (Minor) at 11:34, Collin Miller (San) for Hooking (Minor) at 16:06
3rd period
5. Rampage , Martin Frk 1 (Roland McKeown 3, Jordan Greenway 2) at 1:04
6. Griffins , Adam Gaudette 4 (Ryan Pulock 1, Mathew Barzal 6) at 7:40
7. Rampage , Jack Roslovic 3 (Tony DeAngelo 6) at 12:52
Penalties :
Roope Hintz (San) for Hooking (Minor) at 4:45, Petr Straka (San) for Hooking (Minor) at 8:22
Goalie Stats
Olivier Roy (Gra), 36 saves from 40 shots - (0.900), L, 5-3-0, 59:05 minutes
Elvis Merzlikins (San), 35 saves from 38 shots - (0.921), W, 5-4-2, 60:00 minutes
Players Stats for Griffins
Player Name G A P +/- PIM S H SB GA TA FO MP PP MP PK MP
------------------------------------------------------------------------------------
Adam Gaudette 1 0 1 1 0 3 1 0 0 1 0/1 17:50 3:40 0:01
Brandon Pirri 0 0 0 1 2 2 0 0 0 0 2/3 19:44 4:19 0:19
Brendan Woods 0 0 0 0 0 1 0 0 0 0 1/1 11:19 0:00 3:36
Danny Kristo 0 1 1 -1 0 4 2 2 0 1 6/8 23:27 4:20 3:30
Dylan DeMelo 0 0 0 1 0 0 0 0 0 0 0/0 8:27 0:00 0:00
Garrett Wilson 0 1 1 0 0 2 1 0 0 0 0/0 10:49 0:00 1:06
Ian McCoshen 0 0 0 0 0 0 0 0 0 0 0/0 8:49 0:00 3:23
Lucas Lessio 1 0 1 -1 0 3 1 0 0 0 1/2 17:01 3:40 0:00
Marcus Pettersson 0 0 0 0 0 2 0 1 0 1 0/0 20:58 3:59 0:00
Mathew Barzal 0 1 1 1 0 2 2 0 0 1 9/18 17:11 3:40 0:22
Mathieu Joseph 0 0 0 0 0 3 0 1 0 0 0/0 7:02 0:00 0:00
Patrick Wiercioch 0 0 0 -1 2 0 0 2 0 0 0/0 21:17 4:01 1:11
Phil Oreskovic 0 0 0 0 2 0 3 3 1 0 0/0 23:12 3:59 1:57
Riley Armstrong 0 1 1 -1 2 6 0 0 1 0 16/38 20:23 4:17 0:39
Rourke Chartier 1 0 1 0 0 2 0 0 0 1 3/4 10:11 0:00 0:00
Ryan Lindgren 0 0 0 0 0 0 0 1 0 0 0/0 7:20 0:00 1:54
Ryan Pulock 0 1 1 1 0 0 0 0 0 1 0/0 10:06 0:00 1:35
Sonny Milano 0 0 0 0 0 2 1 0 0 1 0/0 10:13 0:03 0:00
Travis Sanheim 0 0 0 -1 0 6 1 1 0 1 0/0 20:07 4:01 0:04
Vladislav Namestnikov 0 0 0 0 0 0 1 0 1 0 2/2 7:33 0:00 0:31
Players Stats for Rampage
Player Name G A P +/- PIM S H SB GA TA FO MP PP MP PK MP
------------------------------------------------------------------------------------
Adam Clendening 0 0 0 -1 0 1 1 1 0 0 0/0 20:18 0:04 4:59
Artturi Lehkonen 0 0 0 0 0 0 0 0 0 0 0/0 9:40 0:00 1:43
Collin Miller 0 1 1 -1 2 1 2 1 0 0 0/0 18:03 1:36 1:57
Dylan Sikura 0 0 0 0 0 4 1 0 0 0 0/1 9:23 0:00 1:40
Elias Lindholm 0 1 1 -1 0 2 3 0 0 0 19/36 19:37 2:04 0:07
Ethan Bear 0 0 0 -2 0 1 1 0 0 0 0/0 18:20 3:22 1:04
Jack Roslovic 1 0 1 0 0 7 3 1 3 1 8/15 17:01 2:58 1:47
Jacob De La Rose 0 0 0 1 0 1 0 0 0 0 6/14 13:01 0:00 5:13
Jordan Greenway 0 1 1 1 0 1 0 0 0 0 1/1 9:14 0:00 0:19
Kevan Miller 0 0 0 -2 0 1 1 0 1 1 0/0 12:25 1:36 0:00
Kirill Kaprizov 0 0 0 0 0 1 1 0 0 0 0/1 14:55 2:58 0:00
Martin Frk 1 0 1 1 0 6 3 0 0 0 0/0 9:47 0:00 0:00
Petr Straka 1 0 1 0 2 2 1 0 1 0 0/1 14:30 2:00 0:00
Roland McKeown 0 1 1 3 0 0 1 1 0 0 0/0 26:13 0:00 4:59
Roope Hintz 1 0 1 -1 4 3 4 0 3 0 0/1 22:38 2:04 3:31
T.J. Tynan 0 0 0 0 0 2 1 1 0 1 1/3 10:31 0:00 1:40
Timo Meier 0 1 1 -1 2 6 0 0 0 0 2/4 19:44 3:02 0:00
Tony DeAngelo 0 1 1 3 0 1 0 3 0 0 0/0 24:40 3:26 3:01
3 Stars
1 - Martin Frk (San)
2 - Roland McKeown (San)
3 - Jack Roslovic (San)
Power Play
Griffins - 0 on 5 Attempt(s) - 0.00%
Rampage - 1 on 4 Attempt(s) - 25.00%
Penalty Kill
Griffins - 3 on 4 Attempt(s) - 75.00%
- Score 0 goal in Penalty Kill
Rampage - 5 on 5 Attempt(s) - 100.00%
- Score 0 goal in Penalty Kill
Team Stat
Griffins - Hits : 13 - Faceoff Wins : 40 - Blocked Shots : 11 - Penalty Minutes : 8
Rampage - Hits : 23 - Faceoff Wins : 37 - Blocked Shots : 8 - Penalty Minutes : 10
Official
Referees : Kevin Pollock and Tim Peel
Linesman : Kiel Murchison and Brandon Gawryletz
Game Notes
Jacob De La Rose is injured at 11:18 of 3rd period (Sports Hernia)
Finance
Level 1 -- Attendance: 1892 (94.60%) -- Ticket Income $66,220
Level 2 -- Attendance: 997 (99.70%) -- Ticket Income $14,955
Total Attendance: 2889 (96.30%)
Total Ticket Income: $81,175
Other Income: $4,059
Total Income: $85,234
Griffins
5 vs 5 Forward
Center Left Wing Right Wing Time % Phy DF OF
1 Riley Armstrong Lucas Lessio Danny Kristo 37 1 2 2
2 Mathew Barzal Brandon Pirri Adam Gaudette 33 1 2 2
3 Rourke Chartier Sonny Milano Garrett Wilson 20 1 2 2
4 Vladislav Namestnikov Brendan Woods Mathieu Joseph 10 1 2 2
5 vs 5 Defense
Defense Defense Time % Phy DF OF
1 Phil Oreskovic Marcus Pettersson 35 1 2 2
2 Travis Sanheim Patrick Wiercioch 35 1 2 2
3 Ryan Pulock Dylan DeMelo 20 1 2 2
4 Ian McCoshen Ryan Lindgren 10 1 2 2
PowerPlay Forward
Center Left Wing Right Wing Time % Phy DF OF
1 Riley Armstrong Brandon Pirri Danny Kristo 55 1 1 3
2 Mathew Barzal Lucas Lessio Adam Gaudette 45 1 1 3
PowerPlay Defense
Defense Defense Time % Phy DF OF
1 Phil Oreskovic Marcus Pettersson 55 0 2 3
2 Travis Sanheim Patrick Wiercioch 45 0 2 3
Penalty Kill 4 Players Forward
Center Wing Time % Phy DF OF
1 Danny Kristo Brendan Woods 60 1 2 2
2 Riley Armstrong Garrett Wilson 40 1 2 2
Penalty Kill 4 Players Defense
Defense Defense Time % Phy DF OF
1 Phil Oreskovic Ian McCoshen 60 1 2 2
2 Ryan Pulock Patrick Wiercioch 40 1 2 2
Penalty Kill - 3 Players Forward
Forward Time % Phy DF OF
1 Danny Kristo 60 1 2 2
2 Brandon Pirri 40 1 2 2
Penalty Kill - 3 Players Defense
Defense Defense Time % Phy DF OF
1 Phil Oreskovic Ian McCoshen 60 1 2 2
2 Ryan Pulock Patrick Wiercioch 40 1 2 2
4 vs 4 Forward
Center Wing Time % Phy DF OF
1 Riley Armstrong Adam Gaudette 60 1 2 2
2 Danny Kristo Brandon Pirri 40 1 2 2
4 vs 4 Defense
Defense Defense Time % Phy DF OF
1 Phil Oreskovic Marcus Pettersson 60 1 2 2
2 Travis Sanheim Patrick Wiercioch 40 1 2 2
Last Minutes Offensive
Center Left Wing Right Wing Defense Defense
Riley Armstrong Brandon Pirri Danny Kristo Phil Oreskovic Marcus Pettersson
Last Minutes Defensive
Center Left Wing Right Wing Defense Defense
Riley Armstrong Brendan Woods Danny Kristo Phil Oreskovic Patrick Wiercioch
Goaltenders
Starting : Olivier Roy
Backup : Igor Shesterkin
Extra Forwards
Normal : Rourke Chartier, Lucas Lessio, Sonny Milano - PP : Sonny Milano, Rourke Chartier - PK : Vladislav Namestnikov
Extra Defensemen
Normal : Ryan Pulock, Dylan DeMelo, Ian McCoshen - PP : Ryan Pulock - PK : Ryan Lindgren, Marcus Pettersson
Penalty Shots
Adam Gaudette, Rourke Chartier, Sonny Milano, Danny Kristo, Brandon Pirri
Scratches
Greg McKegg (Healthy), Jack Ramsey (Healthy), Konrad Abeltshauser (Healthy), Michael Bunting (Healthy), Nikita Pavlychev (Healthy)
Ryan Mantha (Healthy), Tanner Kero (Healthy), Tomas Hyka (Healthy), Troy Terry (Healthy), Marcus Hogberg (Healthy)
Philippe Desrosiers (Healthy)
Rampage
5 vs 5 Forward
Center Left Wing Right Wing Time % Phy DF OF
1 Elias Lindholm Roope Hintz Timo Meier 40 1 2 2
2 Jack Roslovic Kirill Kaprizov Petr Straka 30 1 2 2
3 Jacob De La Rose Jordan Greenway Martin Frk 20 1 2 2
4 T.J. Tynan Artturi Lehkonen Dylan Sikura 10 1 2 2
5 vs 5 Defense
Defense Defense Time % Phy DF OF
1 Roland McKeown Tony DeAngelo 40 1 2 2
2 Collin Miller Ethan Bear 30 1 2 2
3 Kevan Miller Adam Clendening 20 1 2 2
4 Roland McKeown Adam Clendening 10 1 2 2
PowerPlay Forward
Center Left Wing Right Wing Time % Phy DF OF
1 Jack Roslovic Kirill Kaprizov Timo Meier 60 1 2 2
2 Elias Lindholm Roope Hintz Petr Straka 40 1 2 2
PowerPlay Defense
Defense Defense Time % Phy DF OF
1 Ethan Bear Tony DeAngelo 60 1 2 2
2 Kevan Miller Collin Miller 40 1 2 2
Penalty Kill 4 Players Forward
Center Wing Time % Phy DF OF
1 Jacob De La Rose Roope Hintz 60 1 2 2
2 T.J. Tynan Dylan Sikura 40 1 2 2
Penalty Kill 4 Players Defense
Defense Defense Time % Phy DF OF
1 Adam Clendening Roland McKeown 60 1 2 2
2 Tony DeAngelo Collin Miller 40 1 2 2
Penalty Kill - 3 Players Forward
Forward Time % Phy DF OF
1 T.J. Tynan 60 1 2 2
2 Jacob De La Rose 40 1 2 2
Penalty Kill - 3 Players Defense
Defense Defense Time % Phy DF OF
1 Adam Clendening Tony DeAngelo 60 1 2 2
2 Roland McKeown Collin Miller 40 1 2 2
4 vs 4 Forward
Center Wing Time % Phy DF OF
1 Elias Lindholm Timo Meier 60 1 2 2
2 T.J. Tynan Roope Hintz 40 1 2 2
4 vs 4 Defense
Defense Defense Time % Phy DF OF
1 Adam Clendening Tony DeAngelo 60 1 2 2
2 Roland McKeown Collin Miller 40 1 2 2
Last Minutes Offensive
Center Left Wing Right Wing Defense Defense
Elias Lindholm Roope Hintz Timo Meier Ethan Bear Tony DeAngelo
Last Minutes Defensive
Center Left Wing Right Wing Defense Defense
T.J. Tynan Jacob De La Rose Dylan Sikura Collin Miller Roland McKeown
Goaltenders
Starting : Elvis Merzlikins
Backup : Brandon Halverson
Extra Forwards
Normal : Martin Frk, Roope Hintz, T.J. Tynan - PP : Martin Frk, Roope Hintz - PK : Jack Roslovic
Extra Defensemen
Normal : Kevan Miller, Ethan Bear, Roland McKeown - PP : Kevan Miller - PK : Ethan Bear, Roland McKeown
Penalty Shots
Jack Roslovic, Petr Straka, Elias Lindholm, Roope Hintz, T.J. Tynan
Scratches
Hudson Fasching (Healthy), Nikita Nesterov (Healthy), Scott Wilson (Healthy), Dylan Gambrell (Healthy), Nicholas Caamano (Healthy)
Eamon McAdam (Healthy)
% Time on Ice - Griffins
Lines # - Real PCT - Wanted PCT - Time Play
Normal Forward
1 - 32% - 37% - 13:55
2 - 30% - 33% - 13:09
3 - 22% - 20% - 9:43
4 - 16% - 10% - 7:02
Normal Defense
1 - 34% - 35% - 15:03
2 - 35% - 35% - 15:22
3 - 19% - 20% - 8:27
4 - 11% - 10% - 4:57
PP Forward
1 - 54% - 55% - 4:20
2 - 46% - 45% - 3:40
PP Defense
1 - 50% - 55% - 3:59
2 - 50% - 45% - 4:01
PK Forward
1 - 78% - 60% - 3:56
2 - 22% - 40% - 1:06
PK Defense
1 - 67% - 60% - 3:23
2 - 33% - 40% - 1:39
PK3 Forward
1 - 0% - 60%
2 - 0% - 40%
PK3 Defense
1 - 0% - 60%
2 - 0% - 40%
44 Forward
1 - 76% - 60% - 1:27
2 - 24% - 40% - 0:28
44 Defense
1 - 62% - 60% - 1:11
2 - 38% - 40% - 0:44
Last Minute Offensive - 1:14
Last Minute Defensive - 0:00
Total
Forward - 60:00
Defense - 60:00
|
% Time on Ice - Rampage
Lines # - Real PCT - Wanted PCT - Time Play
Normal Forward
1 - 36% - 40% - 15:57
2 - 28% - 30% - 12:36
3 - 20% - 20% - 8:55
4 - 16% - 10% - 7:10
Normal Defense
1 - 41% - 40% - 18:05
2 - 30% - 30% - 13:30
3 - 23% - 20% - 10:18
4 - 6% - 10% - 2:45
PP Forward
1 - 60% - 60% - 3:02
2 - 40% - 40% - 2:00
PP Defense
1 - 68% - 60% - 3:26
2 - 32% - 40% - 1:36
PK Forward
1 - 79% - 60% - 6:20
2 - 21% - 40% - 1:40
PK Defense
1 - 62% - 60% - 4:59
2 - 38% - 40% - 3:01
PK3 Forward
1 - 0% - 60%
2 - 0% - 40%
PK3 Defense
1 - 0% - 60%
2 - 0% - 40%
44 Forward
1 - 77% - 60% - 1:28
2 - 23% - 40% - 0:27
44 Defense
1 - 69% - 60% - 1:19
2 - 31% - 40% - 0:36
Last Minute Offensive - 0:00
Last Minute Defensive - 0:25
Total
Forward - 60:00
Defense - 60:00
|
Play-by-Play
1st period
0:01 of 1st period - Elias Lindholm wins face-off versus Riley Armstrong in neutral zone.
0:04 of 1st period - Slapshot by Roope Hintz.
0:04 of 1st period - Stopped by Olivier Roy with a rebound.
0:16 of 1st period - Slapshot by Marcus Pettersson.
0:16 of 1st period - Shot Blocked by Tony DeAngelo.
0:50 of 1st period - Snap shot by Petr Straka.
0:50 of 1st period - Shot Misses the Net.
1:29 of 1st period - Patrick Wiercioch is hit by Elias Lindholm and loses puck.
1:34 of 1st period - Snap shot by Timo Meier.
1:34 of 1st period - Stopped by Olivier Roy without a rebound.
1:35 of 1st period - Elias Lindholm wins face-off versus Riley Armstrong in Griffins zone.
1:50 of 1st period - Wrist shot by Riley Armstrong.
1:50 of 1st period - Stopped by Elvis Merzlikins with a rebound.
2:28 of 1st period - Snap shot by Martin Frk.
2:28 of 1st period - Stopped by Olivier Roy without a rebound.
2:29 of 1st period - Elias Lindholm wins face-off versus Riley Armstrong in Griffins zone.
3:51 of 1st period - Wrist shot by Vladislav Namestnikov.
3:51 of 1st period - Shot Hit the Post.
4:28 of 1st period - Slapshot by Dylan Sikura.
4:28 of 1st period - Stopped by Olivier Roy with a rebound.
4:30 of 1st period - Slapshot by Collin Miller.
4:30 of 1st period - Shot Misses the Net.
4:38 of 1st period - Snap shot by T.J. Tynan.
4:38 of 1st period - Stopped by Olivier Roy with a rebound.
4:40 of 1st period - Wrist shot by Dylan Sikura.
4:40 of 1st period - Shot Misses the Net.
4:42 of 1st period - Snap shot by Dylan Sikura.
4:42 of 1st period - Stopped by Olivier Roy without a rebound.
4:43 of 1st period - Riley Armstrong wins face-off versus Elias Lindholm in Griffins zone.
4:54 of 1st period - Wrist shot by Lucas Lessio.
4:54 of 1st period - Stopped by Elvis Merzlikins with a rebound.
5:08 of 1st period - Phil Oreskovic is hit by Petr Straka and loses puck.
5:35 of 1st period - Wrist shot by Brandon Pirri.
5:35 of 1st period - Shot Misses the Net.
6:05 of 1st period - Off-side.
6:06 of 1st period - Rourke Chartier wins face-off versus Petr Straka in neutral zone.
6:22 of 1st period - Slapshot by Rourke Chartier.
6:22 of 1st period - Deflect By Sonny Milano.
6:22 of 1st period - Deflect By Roland McKeown.
6:22 of 1st period - Shot Misses the Net.
6:22 of 1st period - Puck is out of play.
6:23 of 1st period - Elias Lindholm wins face-off versus Riley Armstrong in Rampage zone.
6:36 of 1st period - Wrist shot by Danny Kristo.
6:36 of 1st period - Stopped by Elvis Merzlikins with a rebound.
6:38 of 1st period - Slapshot by Danny Kristo.
6:38 of 1st period - Stopped by Elvis Merzlikins with a rebound.
6:48 of 1st period - Dylan DeMelo is hit by Jack Roslovic and loses puck.
7:14 of 1st period - Icing by Collin Miller.
7:15 of 1st period - Vladislav Namestnikov wins face-off versus Jacob De La Rose in Rampage zone.
7:18 of 1st period - Snap shot by Brendan Woods.
7:18 of 1st period - Shot Misses the Net.
7:24 of 1st period - Collin Miller is hit by Vladislav Namestnikov and loses puck.
7:31 of 1st period - Slapshot by Martin Frk.
7:31 of 1st period - Shot Misses the Net.
7:33 of 1st period - Slapshot by Collin Miller.
7:33 of 1st period - Shot Misses the Net.
7:43 of 1st period - Wrist shot by Martin Frk.
7:43 of 1st period - Shot Blocked by Mathieu Joseph.
7:45 of 1st period - Wrist shot by Jordan Greenway.
7:45 of 1st period - Stopped by Olivier Roy with a rebound.
7:47 of 1st period - Slapshot by Ethan Bear.
7:47 of 1st period - Deflect By Martin Frk.
7:47 of 1st period - Stopped by Olivier Roy without a rebound.
7:48 of 1st period - Elias Lindholm wins face-off versus Riley Armstrong in Griffins zone.
7:51 of 1st period - Snap shot by Roope Hintz.
7:51 of 1st period - Shot Misses the Net.
7:53 of 1st period - Snap shot by Elias Lindholm.
7:53 of 1st period - Stopped by Olivier Roy without a rebound.
7:54 of 1st period - Elias Lindholm wins face-off versus Riley Armstrong in Griffins zone.
7:57 of 1st period - Snap shot by Timo Meier.
7:57 of 1st period - Stopped by Olivier Roy without a rebound.
7:58 of 1st period - Elias Lindholm wins face-off versus Riley Armstrong in Griffins zone.
8:03 of 1st period - Snap shot by Timo Meier.
8:03 of 1st period - Shot Blocked by Phil Oreskovic.
8:23 of 1st period - Slapshot by Timo Meier.
8:23 of 1st period - Stopped by Olivier Roy without a rebound.
8:24 of 1st period - Mathew Barzal wins face-off versus Jack Roslovic in Griffins zone.
8:39 of 1st period - Adam Gaudette is hit by Kevan Miller and loses puck.
10:02 of 1st period - Slapshot by Adam Gaudette.
10:02 of 1st period - Shot Misses the Net.
10:43 of 1st period - Snap shot by Artturi Lehkonen.
10:43 of 1st period - Shot Misses the Net.
11:13 of 1st period - Slapshot by Lucas Lessio.
11:13 of 1st period - Stopped by Elvis Merzlikins with a rebound.
11:21 of 1st period - Slapshot by Danny Kristo.
11:21 of 1st period - Stopped by Elvis Merzlikins without a rebound.
11:22 of 1st period - Jack Roslovic wins face-off versus Mathew Barzal in Rampage zone.
11:35 of 1st period - Wrist shot by Adam Gaudette.
11:35 of 1st period - Stopped by Elvis Merzlikins with a rebound.
11:47 of 1st period - Tony DeAngelo is hit by Garrett Wilson and loses puck.
12:51 of 1st period - Snap shot by T.J. Tynan.
12:51 of 1st period - Shot Blocked by Ryan Lindgren.
12:55 of 1st period - Snap shot by T.J. Tynan.
12:55 of 1st period - Stopped by Olivier Roy without a rebound.
12:56 of 1st period - Elias Lindholm wins face-off versus Riley Armstrong in Griffins zone.
13:03 of 1st period - Slapshot by Elias Lindholm.
13:03 of 1st period - Shot Blocked by Patrick Wiercioch.
13:05 of 1st period - Snap shot by Timo Meier.
13:05 of 1st period - Stopped by Olivier Roy with a rebound.
13:07 of 1st period - Slapshot by Roope Hintz.
13:07 of 1st period - Goal by Roope Hintz - Griffins : 0 - Rampage : 1.
13:08 of 1st period - Elias Lindholm wins face-off versus Adam Gaudette in neutral zone.
13:15 of 1st period - Wrist shot by Roope Hintz.
13:15 of 1st period - Stopped by Olivier Roy without a rebound.
13:16 of 1st period - Mathew Barzal wins face-off versus Elias Lindholm in Griffins zone.
13:23 of 1st period - Snap shot by Adam Gaudette.
13:23 of 1st period - Shot Misses the Net.
13:29 of 1st period - Wrist shot by Mathew Barzal.
13:29 of 1st period - Stopped by Elvis Merzlikins without a rebound.
13:30 of 1st period - Riley Armstrong wins face-off versus Jack Roslovic in Rampage zone.
13:57 of 1st period - Marcus Pettersson is hit by Roope Hintz and loses puck.
14:15 of 1st period - Icing by Marcus Pettersson.
14:16 of 1st period - Mathew Barzal wins face-off versus Jacob De La Rose in Griffins zone.
14:41 of 1st period - Rourke Chartier is hit by Roope Hintz and loses puck.
15:06 of 1st period - Roland McKeown is hit by Mathew Barzal and loses puck.
15:32 of 1st period - Brendan Woods is hit by Collin Miller and loses puck.
15:45 of 1st period - Snap shot by Lucas Lessio.
15:45 of 1st period - Shot Blocked by Collin Miller.
15:47 of 1st period - Slapshot by Riley Armstrong.
15:47 of 1st period - Stopped by Elvis Merzlikins without a rebound.
15:48 of 1st period - Elias Lindholm wins face-off versus Riley Armstrong in Rampage zone.
16:15 of 1st period - Kirill Kaprizov is hit by Travis Sanheim and loses puck.
16:54 of 1st period - Wrist shot by Brendan Woods.
16:54 of 1st period - Stopped by Elvis Merzlikins with a rebound.
18:16 of 1st period - Garrett Wilson is hit by Martin Frk and loses puck.
18:49 of 1st period - Off-side.
18:50 of 1st period - Danny Kristo wins face-off versus Elias Lindholm in neutral zone.
19:03 of 1st period - Wrist shot by Lucas Lessio.
19:03 of 1st period - Goal by Lucas Lessio - Griffins : 1 - Rampage : 1.
19:04 of 1st period - Riley Armstrong wins face-off versus Elias Lindholm in neutral zone.
19:31 of 1st period - Patrick Wiercioch is hit by Kirill Kaprizov and loses puck.
19:42 of 1st period - Snap shot by Mathew Barzal.
19:42 of 1st period - Shot Hit the Post.
19:58 of 1st period - Jordan Greenway is hit by Phil Oreskovic and loses puck.
Goals for this period are 1 for Griffins vs 1 for Rampage.
Shots for this period are 11 for Griffins vs 15 for Rampage.
2nd period
0:01 of 2nd period - Elias Lindholm wins face-off versus Riley Armstrong in neutral zone.
0:22 of 2nd period - Minor Penalty to Patrick Wiercioch for Delaying the game.
0:23 of 2nd period - Danny Kristo wins face-off versus Jack Roslovic in Griffins zone.
0:52 of 2nd period - Snap shot by Petr Straka.
0:52 of 2nd period - Shot Blocked by Phil Oreskovic.
0:54 of 2nd period - Wrist shot by Roope Hintz.
0:54 of 2nd period - Deflect By Elias Lindholm.
0:54 of 2nd period - Shot Misses the Net.
0:54 of 2nd period - Puck is out of play.
0:55 of 2nd period - Danny Kristo wins face-off versus Jack Roslovic in Griffins zone.
1:20 of 2nd period - Wrist shot by Petr Straka.
1:20 of 2nd period - Stopped by Olivier Roy with a rebound.
1:22 of 2nd period - Wrist shot by Petr Straka.
1:22 of 2nd period - Goal by Petr Straka - Griffins : 1 - Rampage : 2.
1:23 of 2nd period - Elias Lindholm wins face-off versus Brandon Pirri in neutral zone.
1:30 of 2nd period - Snap shot by Elias Lindholm.
1:30 of 2nd period - Stopped by Olivier Roy with a rebound.
1:32 of 2nd period - Slapshot by Timo Meier.
1:32 of 2nd period - Stopped by Olivier Roy without a rebound.
1:33 of 2nd period - Mathew Barzal wins face-off versus Elias Lindholm in Griffins zone.
1:33 of 2nd period - Mathew Barzal is hit by Roland McKeown.
1:45 of 2nd period - Minor Penalty to Timo Meier for High sticking.
1:46 of 2nd period - Riley Armstrong wins face-off versus Jacob De La Rose in Rampage zone.
2:37 of 2nd period - Snap shot by Collin Miller.
2:37 of 2nd period - Stopped by Olivier Roy with a rebound.
3:45 of 2nd period - Penalty to Timo Meier is over, Timo Meier is back on ice.
3:59 of 2nd period - Wrist shot by Jack Roslovic.
3:59 of 2nd period - Shot Misses the Net.
4:01 of 2nd period - Backhand shot by Kirill Kaprizov.
4:01 of 2nd period - Stopped by Olivier Roy with a rebound.
4:05 of 2nd period - Snap shot by Jack Roslovic.
4:05 of 2nd period - Stopped by Olivier Roy without a rebound.
4:06 of 2nd period - Vladislav Namestnikov wins face-off versus Elias Lindholm in Griffins zone.
4:31 of 2nd period - Snap shot by Rourke Chartier.
4:31 of 2nd period - Goal by Rourke Chartier - Griffins : 2 - Rampage : 2.
4:32 of 2nd period - Lucas Lessio wins face-off versus Timo Meier in neutral zone.
4:35 of 2nd period - Slapshot by Riley Armstrong.
4:35 of 2nd period - Shot Misses the Net.
4:53 of 2nd period - Minor Penalty to Riley Armstrong for Hooking.
4:54 of 2nd period - Danny Kristo wins face-off versus Jack Roslovic in Griffins zone.
5:10 of 2nd period - Off-side.
5:11 of 2nd period - Danny Kristo wins face-off versus Elias Lindholm in neutral zone.
5:13 of 2nd period - Off-side.
5:14 of 2nd period - Danny Kristo wins face-off versus Elias Lindholm in neutral zone.
5:27 of 2nd period - Roope Hintz is hit by Phil Oreskovic and loses puck.
6:22 of 2nd period - Ryan Pulock is hit by Roope Hintz and loses puck.
6:53 of 2nd period - Penalty to Riley Armstrong is over, Riley Armstrong is back on ice.
6:56 of 2nd period - Icing by Kevan Miller.
6:57 of 2nd period - Rourke Chartier wins face-off versus Elias Lindholm in Rampage zone.
7:00 of 2nd period - Wrist shot by Garrett Wilson.
7:00 of 2nd period - Stopped by Elvis Merzlikins with a rebound.
7:02 of 2nd period - Slapshot by Travis Sanheim.
7:02 of 2nd period - Stopped by Elvis Merzlikins with a rebound.
7:04 of 2nd period - Slapshot by Travis Sanheim.
7:04 of 2nd period - Stopped by Elvis Merzlikins with a rebound.
7:06 of 2nd period - Snap shot by Sonny Milano.
7:06 of 2nd period - Stopped by Elvis Merzlikins without a rebound.
7:07 of 2nd period - Jordan Greenway wins face-off versus Mathew Barzal in Rampage zone.
7:13 of 2nd period - Off-side.
7:14 of 2nd period - Mathew Barzal wins face-off versus Jacob De La Rose in neutral zone.
7:33 of 2nd period - Wrist shot by Martin Frk.
7:33 of 2nd period - Stopped by Olivier Roy with a rebound.
7:35 of 2nd period - Slapshot by Jordan Greenway.
7:35 of 2nd period - Shot Blocked by Marcus Pettersson.
7:37 of 2nd period - Slapshot by Tony DeAngelo.
7:37 of 2nd period - Stopped by Olivier Roy with a rebound.
7:39 of 2nd period - Slapshot by Roland McKeown.
7:39 of 2nd period - Shot Blocked by Phil Oreskovic.
7:41 of 2nd period - Snap shot by Jacob De La Rose.
7:41 of 2nd period - Stopped by Olivier Roy with a rebound.
7:43 of 2nd period - Wrist shot by Martin Frk.
7:43 of 2nd period - Shot Hit the Post.
7:45 of 2nd period - Wrist shot by Martin Frk.
7:45 of 2nd period - Stopped by Olivier Roy without a rebound.
7:46 of 2nd period - Riley Armstrong wins face-off versus Elias Lindholm in Griffins zone.
7:46 of 2nd period - Riley Armstrong is hit by Ethan Bear.
7:51 of 2nd period - Minor Penalty to Roope Hintz for Hooking.
7:52 of 2nd period - Riley Armstrong wins face-off versus Jacob De La Rose in Rampage zone.
7:55 of 2nd period - Minor Penalty to Brandon Pirri for Tripping.
7:56 of 2nd period - Riley Armstrong wins face-off versus Timo Meier in Griffins zone.
7:56 of 2nd period - Riley Armstrong is hit by Elias Lindholm.
8:07 of 2nd period - Snap shot by Riley Armstrong.
8:07 of 2nd period - Stopped by Elvis Merzlikins with a rebound.
8:48 of 2nd period - Martin Frk is hit by Danny Kristo and loses puck.
9:07 of 2nd period - Riley Armstrong is hit by Jack Roslovic and loses puck.
9:20 of 2nd period - Snap shot by Lucas Lessio.
9:20 of 2nd period - Deflect By Sonny Milano.
9:20 of 2nd period - Shot Misses the Net.
9:20 of 2nd period - Puck is out of play.
9:21 of 2nd period - Timo Meier wins face-off versus Lucas Lessio in Rampage zone.
9:51 of 2nd period - Penalty to Roope Hintz is over, Roope Hintz is back on ice.
9:55 of 2nd period - Penalty to Brandon Pirri is over, Brandon Pirri is back on ice.
10:06 of 2nd period - Wrist shot by Jack Roslovic.
10:06 of 2nd period - Stopped by Olivier Roy with a rebound.
10:26 of 2nd period - Collin Miller is hit by Sonny Milano and loses puck.
10:41 of 2nd period - Dylan DeMelo is hit by T.J. Tynan and loses puck.
11:34 of 2nd period - Minor Penalty to Phil Oreskovic for Hooking.
11:35 of 2nd period - Jack Roslovic wins face-off versus Danny Kristo in Griffins zone.
12:04 of 2nd period - Garrett Wilson is hit by Collin Miller and loses puck.
12:58 of 2nd period - Off-side.
12:59 of 2nd period - Riley Armstrong wins face-off versus Elias Lindholm in neutral zone.
13:01 of 2nd period - Off-side.
13:02 of 2nd period - Jack Roslovic wins face-off versus Riley Armstrong in neutral zone.
13:07 of 2nd period - Slapshot by Kevan Miller.
13:07 of 2nd period - Deflect By Kirill Kaprizov.
13:07 of 2nd period - Shot Misses the Net.
13:07 of 2nd period - Puck is out of play.
13:08 of 2nd period - Timo Meier wins face-off versus Danny Kristo in Griffins zone.
13:09 of 2nd period - Slapshot by Jack Roslovic.
13:09 of 2nd period - Stopped by Olivier Roy with a rebound.
13:11 of 2nd period - Wrist shot by Ethan Bear.
13:11 of 2nd period - Stopped by Olivier Roy without a rebound.
13:12 of 2nd period - Brendan Woods wins face-off versus Jack Roslovic in Griffins zone.
13:34 of 2nd period - Penalty to Phil Oreskovic is over, Phil Oreskovic is back on ice.
14:02 of 2nd period - Off-side.
14:03 of 2nd period - Mathew Barzal wins face-off versus Elias Lindholm in neutral zone.
14:12 of 2nd period - Wrist shot by Mathew Barzal.
14:12 of 2nd period - Stopped by Elvis Merzlikins with a rebound.
14:50 of 2nd period - Ethan Bear is hit by Lucas Lessio and loses puck.
14:59 of 2nd period - Wrist shot by Martin Frk.
14:59 of 2nd period - Stopped by Olivier Roy with a rebound.
15:54 of 2nd period - Snap shot by Garrett Wilson.
15:54 of 2nd period - Stopped by Elvis Merzlikins with a rebound.
16:06 of 2nd period - Minor Penalty to Collin Miller for Hooking.
16:07 of 2nd period - Jacob De La Rose wins face-off versus Riley Armstrong in Rampage zone.
16:43 of 2nd period - Slapshot by Adam Gaudette.
16:43 of 2nd period - Stopped by Elvis Merzlikins without a rebound.
16:44 of 2nd period - Riley Armstrong wins face-off versus T.J. Tynan in Rampage zone.
16:49 of 2nd period - Slapshot by Travis Sanheim.
16:49 of 2nd period - Stopped by Elvis Merzlikins with a rebound.
16:51 of 2nd period - Wrist shot by Danny Kristo.
16:51 of 2nd period - Stopped by Elvis Merzlikins without a rebound.
16:52 of 2nd period - Jacob De La Rose wins face-off versus Riley Armstrong in Rampage zone.
17:51 of 2nd period - Slapshot by Ethan Bear.
17:51 of 2nd period - Shot Misses the Net.
18:06 of 2nd period - Penalty to Collin Miller is over, Collin Miller is back on ice.
19:21 of 2nd period - Wrist shot by Jack Roslovic.
19:21 of 2nd period - Shot Misses the Net.
19:35 of 2nd period - Brendan Woods is hit by Adam Clendening and loses puck.
19:42 of 2nd period - Snap shot by T.J. Tynan.
19:42 of 2nd period - Shot Misses the Net.
Goals for this period are 1 for Griffins vs 1 for Rampage.
Shots for this period are 11 for Griffins vs 15 for Rampage.
3rd period
0:01 of 3rd period - Riley Armstrong wins face-off versus Elias Lindholm in neutral zone.
0:03 of 3rd period - Off-side.
0:04 of 3rd period - Riley Armstrong wins face-off versus Elias Lindholm in neutral zone.
0:07 of 3rd period - Slapshot by Riley Armstrong.
0:07 of 3rd period - Stopped by Elvis Merzlikins with a rebound.
0:15 of 3rd period - Snap shot by Riley Armstrong.
0:15 of 3rd period - Shot Misses the Net.
0:39 of 3rd period - Slapshot by Travis Sanheim.
0:39 of 3rd period - Shot Blocked by Roland McKeown.
1:04 of 3rd period - Snap shot by Martin Frk.
1:04 of 3rd period - Goal by Martin Frk - Griffins : 2 - Rampage : 3.
1:05 of 3rd period - Elias Lindholm wins face-off versus Riley Armstrong in neutral zone.
1:12 of 3rd period - Slapshot by Ethan Bear.
1:12 of 3rd period - Deflect By Timo Meier.
1:12 of 3rd period - Deflect By Riley Armstrong.
1:12 of 3rd period - Stopped by Olivier Roy with a rebound.
2:33 of 3rd period - Riley Armstrong is hit by Elias Lindholm and loses puck.
3:06 of 3rd period - Snap shot by Mathew Barzal.
3:06 of 3rd period - Shot Blocked by T.J. Tynan.
3:12 of 3rd period - Travis Sanheim is hit by Dylan Sikura.
3:13 of 3rd period - Icing by Travis Sanheim.
3:14 of 3rd period - Brandon Pirri wins face-off versus Dylan Sikura in Griffins zone.
3:23 of 3rd period - Snap shot by Kevan Miller.
3:23 of 3rd period - Stopped by Olivier Roy without a rebound.
3:24 of 3rd period - Elias Lindholm wins face-off versus Riley Armstrong in Griffins zone.
3:27 of 3rd period - Wrist shot by Roope Hintz.
3:27 of 3rd period - Shot Blocked by Danny Kristo.
4:45 of 3rd period - Minor Penalty to Roope Hintz for Hooking.
4:46 of 3rd period - Jacob De La Rose wins face-off versus Riley Armstrong in Rampage zone.
4:54 of 3rd period - Snap shot by Travis Sanheim.
4:54 of 3rd period - Stopped by Elvis Merzlikins without a rebound.
4:55 of 3rd period - Riley Armstrong wins face-off versus Jacob De La Rose in Rampage zone.
5:21 of 3rd period - Off-side.
5:22 of 3rd period - Jacob De La Rose wins face-off versus Mathew Barzal in neutral zone.
6:14 of 3rd period - Off-side.
6:15 of 3rd period - Jack Roslovic wins face-off versus Mathew Barzal in neutral zone.
6:20 of 3rd period - Slapshot by Jack Roslovic.
6:20 of 3rd period - Shot Blocked by Travis Sanheim.
6:26 of 3rd period - Roland McKeown is hit by Adam Gaudette and loses puck.
6:41 of 3rd period - Artturi Lehkonen is hit by Danny Kristo and loses puck.
6:45 of 3rd period - Penalty to Roope Hintz is over, Roope Hintz is back on ice.
6:58 of 3rd period - Snap shot by Vladislav Namestnikov.
6:58 of 3rd period - Shot Misses the Net.
7:00 of 3rd period - Wrist shot by Brendan Woods.
7:00 of 3rd period - Shot Misses the Net.
7:02 of 3rd period - Slapshot by Marcus Pettersson.
7:02 of 3rd period - Deflect By Adam Clendening.
7:02 of 3rd period - Stopped by Elvis Merzlikins with a rebound.
7:40 of 3rd period - Wrist shot by Adam Gaudette.
7:40 of 3rd period - Goal by Adam Gaudette - Griffins : 3 - Rampage : 3.
7:41 of 3rd period - Riley Armstrong wins face-off versus Elias Lindholm in neutral zone.
8:08 of 3rd period - Collin Miller is hit by Mathew Barzal and loses puck.
8:14 of 3rd period - Icing by Collin Miller.
8:15 of 3rd period - Jack Roslovic wins face-off versus Mathew Barzal in Rampage zone.
8:20 of 3rd period - Slapshot by Travis Sanheim.
8:20 of 3rd period - Stopped by Elvis Merzlikins with a rebound.
8:22 of 3rd period - Minor Penalty to Petr Straka for Hooking.
8:23 of 3rd period - Jacob De La Rose wins face-off versus Riley Armstrong in Rampage zone.
8:58 of 3rd period - Snap shot by Dylan Sikura.
8:58 of 3rd period - Shot Blocked by Patrick Wiercioch.
9:11 of 3rd period - Icing by Danny Kristo.
9:12 of 3rd period - Jacob De La Rose wins face-off versus Riley Armstrong in Griffins zone.
9:21 of 3rd period - Slapshot by Patrick Wiercioch.
9:21 of 3rd period - Shot Blocked by Tony DeAngelo.
9:23 of 3rd period - Backhand shot by Riley Armstrong.
9:23 of 3rd period - Deflect By Brandon Pirri.
9:23 of 3rd period - Stopped by Elvis Merzlikins without a rebound.
9:24 of 3rd period - Mathew Barzal wins face-off versus Jacob De La Rose in Rampage zone.
9:57 of 3rd period - Slapshot by Marcus Pettersson.
9:57 of 3rd period - Deflect By T.J. Tynan.
9:57 of 3rd period - Stopped by Elvis Merzlikins without a rebound.
9:58 of 3rd period - Mathew Barzal wins face-off versus Jacob De La Rose in Rampage zone.
10:22 of 3rd period - Penalty to Petr Straka is over, Petr Straka is back on ice.
10:24 of 3rd period - Icing by Danny Kristo.
10:25 of 3rd period - Brandon Pirri wins face-off versus Jack Roslovic in Griffins zone.
10:36 of 3rd period - Slapshot by Jack Roslovic.
10:36 of 3rd period - Stopped by Olivier Roy with a rebound.
10:50 of 3rd period - Marcus Pettersson is hit by Roope Hintz and loses puck.
11:17 of 3rd period - Jacob De La Rose is hit by Phil Oreskovic and loses puck.
11:18 of 3rd period - Jacob De La Rose from Rampage is injured at 11:18 of 3rd period (Sports Hernia).
11:19 of 3rd period - Riley Armstrong wins face-off versus Elias Lindholm in Rampage zone.
11:34 of 3rd period - Snap shot by Riley Armstrong.
11:34 of 3rd period - Stopped by Elvis Merzlikins without a rebound.
11:35 of 3rd period - Mathew Barzal wins face-off versus Kirill Kaprizov in Rampage zone.
11:36 of 3rd period - Slapshot by Travis Sanheim.
11:36 of 3rd period - Stopped by Elvis Merzlikins without a rebound.
11:37 of 3rd period - Jack Roslovic wins face-off versus Mathew Barzal in Rampage zone.
11:50 of 3rd period - Snap shot by Jack Roslovic.
11:50 of 3rd period - Stopped by Olivier Roy without a rebound.
11:51 of 3rd period - Elias Lindholm wins face-off versus Riley Armstrong in Griffins zone.
11:58 of 3rd period - Wrist shot by Elias Lindholm.
11:58 of 3rd period - Shot Blocked by Danny Kristo.
12:24 of 3rd period - Slapshot by Brandon Pirri.
12:24 of 3rd period - Deflect By Adam Gaudette.
12:24 of 3rd period - Shot Blocked by Jack Roslovic.
12:24 of 3rd period - Puck is out of play.
12:25 of 3rd period - Elias Lindholm wins face-off versus Mathew Barzal in Rampage zone.
12:42 of 3rd period - Off-side.
12:43 of 3rd period - Jack Roslovic wins face-off versus Riley Armstrong in neutral zone.
12:52 of 3rd period - Snap shot by Jack Roslovic.
12:52 of 3rd period - Goal by Jack Roslovic - Griffins : 3 - Rampage : 4.
12:53 of 3rd period - Riley Armstrong wins face-off versus Roope Hintz in neutral zone.
13:19 of 3rd period - Marcus Pettersson is hit by Jack Roslovic and loses puck.
13:26 of 3rd period - Wrist shot by Jack Roslovic.
13:26 of 3rd period - Shot Misses the Net.
13:28 of 3rd period - Snap shot by Collin Miller.
13:28 of 3rd period - Shot Misses the Net.
13:46 of 3rd period - Sonny Milano is hit by Martin Frk and loses puck.
14:01 of 3rd period - Wrist shot by Mathieu Joseph.
14:01 of 3rd period - Stopped by Elvis Merzlikins with a rebound.
14:03 of 3rd period - Slapshot by Patrick Wiercioch.
14:03 of 3rd period - Shot Blocked by Adam Clendening.
14:05 of 3rd period - Snap shot by Mathieu Joseph.
14:05 of 3rd period - Stopped by Elvis Merzlikins with a rebound.
14:29 of 3rd period - Wrist shot by Artturi Lehkonen.
14:29 of 3rd period - Deflect By Dylan Sikura.
14:29 of 3rd period - Stopped by Olivier Roy with a rebound.
14:53 of 3rd period - Snap shot by Adam Clendening.
14:53 of 3rd period - Stopped by Olivier Roy with a rebound.
14:59 of 3rd period - Snap shot by Dylan Sikura.
14:59 of 3rd period - Stopped by Olivier Roy without a rebound.
15:00 of 3rd period - Rourke Chartier wins face-off versus Elias Lindholm in Griffins zone.
15:15 of 3rd period - Snap shot by Travis Sanheim.
15:15 of 3rd period - Shot Blocked by Tony DeAngelo.
15:48 of 3rd period - Slapshot by Jack Roslovic.
15:48 of 3rd period - Stopped by Olivier Roy without a rebound.
15:49 of 3rd period - Jack Roslovic wins face-off versus Mathew Barzal in Griffins zone.
16:45 of 3rd period - Off-side.
16:46 of 3rd period - Elias Lindholm wins face-off versus Mathew Barzal in neutral zone.
17:13 of 3rd period - Wrist shot by Garrett Wilson.
17:13 of 3rd period - Deflect By Sonny Milano.
17:13 of 3rd period - Stopped by Elvis Merzlikins with a rebound.
18:26 of 3rd period - Snap shot by Mathieu Joseph.
18:26 of 3rd period - Stopped by Elvis Merzlikins with a rebound.
18:40 of 3rd period - Snap shot by Rourke Chartier.
18:40 of 3rd period - Stopped by Elvis Merzlikins without a rebound.
18:41 of 3rd period - Elias Lindholm wins face-off versus Rourke Chartier in Rampage zone.
18:45 of 3rd period - Icing by Adam Clendening.
18:46 of 3rd period - Elias Lindholm wins face-off versus Riley Armstrong in Rampage zone.
19:05 of 3rd period - Griffins, Olivier Roy is pulled from the net.
19:32 of 3rd period - Wrist shot by Brandon Pirri.
19:32 of 3rd period - Stopped by Elvis Merzlikins with a rebound.
19:34 of 3rd period - Wrist shot by Riley Armstrong.
19:34 of 3rd period - Stopped by Elvis Merzlikins without a rebound.
19:35 of 3rd period - Kirk Muller call a timeout for Griffins.
19:35 of 3rd period - T.J. Tynan wins face-off versus Riley Armstrong in Rampage zone.
19:39 of 3rd period - Off-side.
19:40 of 3rd period - Riley Armstrong wins face-off versus T.J. Tynan in neutral zone.
19:40 of 3rd period - Brandon Pirri is hit by Martin Frk and loses puck.
Goals for this period are 1 for Griffins vs 2 for Rampage.
Shots for this period are 16 for Griffins vs 10 for Rampage.